ITL
PORTLAND PRIVATEERS @ AMARILLO ARCHDUKES
08/11/2027
 
TOP OF THE 1ST
Portland Privateers batting - Pitching for Amarillo Archdukes : RHP Ray McIntyre
Pitching: RHP Ray McIntyre
Batting: SHB Patrick Larson 0-0: Ball
1-0: SINGLE (Groundball, 6MD)
Batting: RHB José Balina 0-0: Ball
Patrick Larson steals 2nd base
1-0: Ball
2-0: DOUBLE (Flyball, 89XD)
Patrick Larson scores
Batting: LHB Pedro Padilla 0-0: Ball
1-0: Called Strike
1-1: Swinging Strike
1-2: Foul Ball, location: 2F
1-2: Strikes out swinging
Batting: RHB Anastasio Villa 0-0: Ball
1-0: Called Strike
1-1: 2-RUN HOME RUN (Flyball, 7LD), Distance : 312 ft
Batting: RHB Santiago Zambrano 0-0: Ball
1-0: Called Strike
1-1: Swinging Strike
1-2: Strikes out swinging
Batting: RHB Luther Stoffels 0-0: Called Strike
0-1: Foul Ball, location: 2F
0-2: Ball
1-2: Fly out, F8 (Flyball, 8RM)
Top of the 1st over - 3 run(s), 3 hit(s), 0 error(s), 0 left on base; Portland 3 - Amarillo 0
BOTTOM OF THE 1ST
Amarillo Archdukes batting - Pitching for Portland Privateers : RHP Héctor Negrón
Pitching: RHP Héctor Negrón
Batting: RHB Tony Quinn 0-0: SOLO HOME RUN (Flyball, 78XD), Distance : 384 ft
Batting: RHB Jorge Espinosa 0-0: Called Strike
0-1: Fly out, F7 (Flyball, 7)
Batting: LHB Michael Cook 0-0: Ball
1-0: Ball
2-0: Ball
3-0: Base on Balls
Batting: RHB Norm Francis 0-0: Foul Ball, location: 2F
0-1: Foul Ball, location: 2F
0-2: Ball
1-2: Foul Ball, location: 2F
1-2: SINGLE (Line Drive, 7S)
Michael Cook to second
Batting: LHB Edwin Ryan 0-0: Called Strike
0-1: Fly out, F8 (Flyball, 8RD)
Batting: RHB Roberto García 0-0: Fly out, F7 (Flyball, 78D)
Bottom of the 1st over - 1 run(s), 2 hit(s), 0 error(s), 2 left on base; Portland 3 - Amarillo 1
TOP OF THE 2ND
Portland Privateers batting - Pitching for Amarillo Archdukes : RHP Ray McIntyre
Batting: LHB Jeff Dorney 0-0: Foul Ball, location: 2F
0-1: Foul Ball, location: 2F
0-2: Ball
1-2: Ball
2-2: SINGLE (Groundball, 34D)
Batting: LHB Yasuhiko Onodera 0-0: Ball
1-0: Called Strike
1-1: Ball
2-1: Fly out, F7 (Flyball, 7S)
Batting: RHB Joe Bailey 0-0: Called Strike
0-1: Ball
1-1: Called Strike
1-2: Fielders Choice at 2nd, 6-4 (Groundball, 56)
Batting: SHB Patrick Larson 0-0: Called Strike
0-1: Swinging Strike
0-2: SINGLE (Groundball, 6MD)
Joe Bailey to second
Runner from 2nd tries for 3rd, SAFE, no throw
Batting: RHB José Balina 0-0: Ball
1-0: Ball
2-0: Foul Ball, location: 2F
2-1: Ball
3-1: Base on Balls
Patrick Larson to second
Batting: LHB Pedro Padilla 0-0: Ball
1-0: Called Strike
1-1: DOUBLE (Groundball, 5L)
Joe Bailey scores
Patrick Larson scores
José Balina to third
Runner from 3rd tries for Home, SAFE, no throw
Batting: RHB Anastasio Villa 0-0: Ball
1-0: Called Strike
1-1: Called Strike
1-2: Ball
2-2: Foul Ball, location: 2F
2-2: Foul Ball, location: 2F
2-2: Ball
3-2: SINGLE (Line Drive, 4M)
Pedro Padilla to third
Pedro Padilla scores
Pitching: LHP Kevin Andrews
Batting: RHB Santiago Zambrano 0-0: Fielders Choice at 2nd, 5-4 (Groundball, 56)
Top of the 2nd over - 4 run(s), 4 hit(s), 0 error(s), 0 left on base; Portland 7 - Amarillo 1
BOTTOM OF THE 2ND
Amarillo Archdukes batting - Pitching for Portland Privateers : RHP Héctor Negrón
Now at C: Dave Nelson
Batting: LHB Pedro Díaz 0-0: Ball
1-0: Ball
2-0: Foul Ball, location: 2F
2-1: Ball
3-1: Base on Balls
Batting: RHB Herb Bunch 0-0: Called Strike
0-1: Swinging Strike
0-2: Ball
1-2: Ball
2-2: Strikes out swinging
Batting: RHB José Ruíz 0-0: Swinging Strike
0-1: Foul Ball, location: 2F
0-2: SINGLE (Groundball, 3) (infield hit)
Pedro Díaz to second
Batting: RHB Tony Quinn 0-0: Called Strike
0-1: Ball
1-1: Ball
2-1: Foul Ball, location: 2F
2-2: Ball
3-2: Base on Balls
Pedro Díaz to third
José Ruíz to second
Batting: RHB Jorge Espinosa 0-0: Called Strike
0-1: Called Strike
0-2: Ball
1-2: DOUBLE (Line Drive, 3D)
Pedro Díaz scores
José Ruíz scores
Tony Quinn to third
Batting: LHB Michael Cook 0-0: Ball
1-0: Ball
2-0: Called Strike
2-1: Foul Ball, location: 2F
2-2: Ball
3-2: Fly out, F8 (Flyball, 8RD)
Runner from 3rd tags up, SCORES, no throw
Batting: RHB Norm Francis 0-0: Called Strike
0-1: Ball
1-1: Fly out, F8 (Flyball, 8LS)
Bottom of the 2nd over - 3 run(s), 2 hit(s), 0 error(s), 1 left on base; Portland 7 - Amarillo 4
TOP OF THE 3RD
Portland Privateers batting - Pitching for Amarillo Archdukes : LHP Kevin Andrews
Batting: RHB Luther Stoffels 0-0: Ball
1-0: Swinging Strike
1-1: Ball
2-1: Ball
3-1: Foul Ball, location: 2F
3-2: Foul Ball, location: 2F
3-2: Base on Balls
Batting: RHB Dave Nelson 0-0: Ball
1-0: Called Strike
1-1: Foul Ball, location: 2F
1-2: Ball
2-2: Foul Ball, location: 2F
2-2: Ball
Throwing error on steal attempt, E2
Luther Stoffels to third
3-2: Strikes out swinging
Batting: LHB Yasuhiko Onodera 0-0: Ball
1-0: Ground out U3 (Groundball, 34)
Luther Stoffels scores
Batting: RHB Joe Bailey 0-0: SINGLE (Line Drive, 8LS)
Batting: SHB Patrick Larson 0-0: Called Strike
0-1: Ball
1-1: Foul Ball, location: 2F
1-2: SINGLE (Groundball, 6MD)
Joe Bailey to second
Joe Bailey to third
Batting: RHB José Balina 0-0: Ball
1-0: Ball
2-0: Called Strike
2-1: Foul Ball, location: 2F
2-2: Foul Ball, location: 2F
2-2: Ground out 6-3 (Groundball, 56)
Top of the 3rd over - 1 run(s), 2 hit(s), 1 error(s), 2 left on base; Portland 8 - Amarillo 4
BOTTOM OF THE 3RD
Amarillo Archdukes batting - Pitching for Portland Privateers : RHP Héctor Negrón
Batting: LHB Edwin Ryan 0-0: Ball
1-0: DOUBLE (Line Drive, 89M)
Batting: RHB Roberto García 0-0: Called Strike
0-1: Ball
1-1: Ball
2-1: Ball
3-1: Base on Balls
Batting: LHB Pedro Díaz 0-0: Ball
1-0: Ball
2-0: Called Strike
2-1: Ball
3-1: Called Strike
3-2: Strikes out swinging
Batting: RHB Herb Bunch 0-0: Called Strike
0-1: 3-RUN HOME RUN (Flyball, 8LXD), Distance : 403 ft
Pitching: RHP Tom Clement
Batting: RHB José Ruíz 0-0: Ball
1-0: Foul Ball, location: 2F
1-1: Bunt for hit - play at first, batter OUT! 2-3
Batting: RHB Tony Quinn 0-0: Ball
1-0: Ground out 6-3 (Groundball, 6)
Bottom of the 3rd over - 3 run(s), 2 hit(s), 0 error(s), 0 left on base; Portland 8 - Amarillo 7
TOP OF THE 4TH
Portland Privateers batting - Pitching for Amarillo Archdukes : LHP Kevin Andrews
Batting: LHB Pedro Padilla 0-0: Fly out, F8 (Flyball, 8RM)
Batting: RHB Anastasio Villa 0-0: Called Strike
0-1: Ball
1-1: Ball
2-1: Called Strike
2-2: Foul Ball, location: 2F
2-2: Foul Ball, location: 2F
2-2: Ball
3-2: SINGLE (Groundball, 6MD)
Batting: RHB Santiago Zambrano 0-0: Ball
1-0: Ball
2-0: Called Strike
2-1: Ball
3-1: Hit by Pitch
Anastasio Villa to second
Pinch Runner at 1st Júlio Vélez:
Batting: RHB Luther Stoffels 0-0: Grounds into double play, 4-6-3 (Groundball, 4)
Top of the 4th over - 0 run(s), 1 hit(s), 0 error(s), 1 left on base; Portland 8 - Amarillo 7
BOTTOM OF THE 4TH
Amarillo Archdukes batting - Pitching for Portland Privateers : RHP Tom Clement
Now at 3B: Júlio Vélez
Batting: RHB Jorge Espinosa 0-0: Ball
1-0: Ball
2-0: Foul Ball, location: 2F
2-1: Swinging Strike
2-2: Strikes out swinging
Batting: LHB Michael Cook 0-0: Ball
1-0: Ball
2-0: Ball
3-0: Called Strike
3-1: Base on Balls
Batting: RHB Norm Francis 0-0: Ball
1-0: Foul Ball, location: 2F
1-1: DOUBLE (Line Drive, 8LXD)
Michael Cook to third
Batting: LHB Edwin Ryan 0-0: Ground out 4-3 (Groundball, 34D)
Michael Cook scores
Norm Francis to third
Batting: RHB Roberto García 0-0: Ground out 5-3 (Groundball, 56S)
Bottom of the 4th over - 1 run(s), 1 hit(s), 0 error(s), 1 left on base; Portland 8 - Amarillo 8
TOP OF THE 5TH
Portland Privateers batting - Pitching for Amarillo Archdukes : LHP Kevin Andrews
Batting: RHB Dave Nelson 0-0: Ball
1-0: Foul Ball, location: 2F
1-1: SINGLE (Flyball, 9LM) - OUT at second base trying to stretch hit.
Batting: LHB Yasuhiko Onodera 0-0: Foul Ball, location: 2F
0-1: Ball
1-1: Ball
2-1: Ball
3-1: Base on Balls
Batting: RHB Joe Bailey 0-0: SINGLE (Flyball, 89S)
Yasuhiko Onodera to second
Runner from 2nd tries for 3rd, SAFE, throw made to third
Batting: SHB Patrick Larson 0-0: Ball
1-0: Called Strike
1-1: Ball
2-1: Called Strike
2-2: Foul Ball, location: 2F
2-2: Ground out U3 (Groundball, 34S)
Yasuhiko Onodera scores
Joe Bailey to second
Batting: RHB José Balina 0-0: Ground out 4-3 (Groundball, 4M)
Top of the 5th over - 1 run(s), 2 hit(s), 0 error(s), 1 left on base; Portland 9 - Amarillo 8
BOTTOM OF THE 5TH
Amarillo Archdukes batting - Pitching for Portland Privateers : RHP Tom Clement
Batting: LHB Pedro Díaz 0-0: Ball
1-0: Ball
2-0: Called Strike
2-1: Ball
3-1: Called Strike
3-2: Base on Balls
Batting: RHB Herb Bunch 0-0: Ball
1-0: Foul Ball, location: 2F
1-1: Ball
2-1: Foul Ball, location: 2F
2-2: Strikes out swinging
Batting: RHB José Ruíz 0-0: Swinging Strike
0-1: DOUBLE (Flyball, 8RM)
Pedro Díaz to third
Pitching: RHP Blaine Yarbrough
Batting: RHB Tony Quinn 0-0: Swinging Strike
0-1: Ball
1-1: Called Strike
1-2: Ground out 5-3 (Groundball, 5L)
Batting: RHB Jorge Espinosa 0-0: Ball
1-0: Ball
2-0: Foul Ball, location: 2F
2-1: Swinging Strike
2-2: Ground out 5-3 (Groundball, 56)
Bottom of the 5th over - 0 run(s), 1 hit(s), 0 error(s), 2 left on base; Portland 9 - Amarillo 8
TOP OF THE 6TH
Portland Privateers batting - Pitching for Amarillo Archdukes : LHP Kevin Andrews
Batting: LHB Pedro Padilla 0-0: Ball
1-0: Called Strike
1-1: Swinging Strike
1-2: Strikes out looking
Batting: RHB Anastasio Villa 0-0: Fly out, F6 (Popup, 56D)
Batting: RHB Júlio Vélez 0-0: Ball
1-0: Ground out 6-3 (Groundball, 6)
Top of the 6th over - 0 run(s), 0 hit(s), 0 error(s), 0 left on base; Portland 9 - Amarillo 8
BOTTOM OF THE 6TH
Amarillo Archdukes batting - Pitching for Portland Privateers : RHP Blaine Yarbrough
Batting: LHB Michael Cook 0-0: Called Strike
0-1: DOUBLE (Flyball, 8LXD)
Batting: RHB Norm Francis 0-0: Fly out, F5 (Line Drive, 5S)
Batting: LHB Edwin Ryan 0-0: Ball
1-0: Ball
2-0: Called Strike
2-1: Called Strike
2-2: Strikes out swinging
Batting: RHB Roberto García 0-0: Foul Ball, location: 2F
0-1: Ball
1-1: SINGLE (Groundball, 34D)
Michael Cook to third
Runner from 3rd tries for Home, SAFE, no throw
Batting: LHB Pedro Díaz 0-0: Ball
1-0: Ground out 4-3 (Groundball, 34)
Bottom of the 6th over - 1 run(s), 2 hit(s), 0 error(s), 1 left on base; Portland 9 - Amarillo 9
TOP OF THE 7TH
Portland Privateers batting - Pitching for Amarillo Archdukes : LHP Kevin Andrews
Batting: RHB Luther Stoffels 0-0: Ball
1-0: Ball
2-0: Called Strike
2-1: Called Strike
2-2: SINGLE (Groundball, 4MS) (infield hit)
Batting: RHB Dave Nelson 0-0: Bunted foul
0-1: Bunted foul
0-2: Ball
1-2: Ball
2-2: Foul Ball, location: 2F
2-2: DOUBLE (Line Drive, 89XD)
Luther Stoffels to third
Runner from 3rd tries for Home, SAFE, throw made home
Pitching: RHP Tsugahara Suzuki
Batting: LHB Yasuhiko Onodera 0-0: Intentional Walk
Batting: RHB Joe Bailey 0-0: Sac Bunt - play at first, batter OUT! 2-4
Dave Nelson to third
Yasuhiko Onodera to second
Batting: SHB Patrick Larson 0-0: Ball
1-0: Ground out 6-3 (Groundball, 6)
Batting: RHB José Balina 0-0: Called Strike
0-1: Ground out 3-1 (Groundball, 34)
Top of the 7th over - 1 run(s), 2 hit(s), 0 error(s), 2 left on base; Portland 10 - Amarillo 9
BOTTOM OF THE 7TH
Amarillo Archdukes batting - Pitching for Portland Privateers : RHP Blaine Yarbrough
Batting: RHB Herb Bunch 0-0: Called Strike
0-1: Ball
1-1: Ball
2-1: Ball
3-1: Base on Balls
Batting: RHB José Ruíz 0-0: Bunt missed!
0-1: Sac Bunt - play at first, batter OUT! 1-4
Herb Bunch to second
Batting: RHB Tony Quinn 0-0: Ground out 5-3 (Groundball, 5)
Batting: RHB Jorge Espinosa 0-0: Ball
1-0: Called Strike
1-1: Ball
2-1: Ball
3-1: Hit by Pitch
Batting: LHB Michael Cook 0-0: Ball
1-0: Swinging Strike
1-1: Called Strike
1-2: Strikes out swinging
Bottom of the 7th over - 0 run(s), 0 hit(s), 0 error(s), 2 left on base; Portland 10 - Amarillo 9
TOP OF THE 8TH
Portland Privateers batting - Pitching for Amarillo Archdukes : RHP Tsugahara Suzuki
Pitching: LHP Charlie Conner
Batting: LHB Pedro Padilla 0-0: Called Strike
0-1: Ground out 5-3 (Groundball, 56)
Pitching: LHP Rob Lucas
Batting: RHB Anastasio Villa 0-0: DOUBLE (Line Drive, 7D)
Batting: RHB Júlio Vélez 0-0: Ball
1-0: Foul Ball, location: 2F
1-1: Foul Ball, location: 2F
1-2: Ball
2-2: Ball
3-2: Ground out U3 (Groundball, 3L)
Anastasio Villa to third
Batting: RHB Luther Stoffels 0-0: Fly out, F9 (Flyball, 9LM)
Top of the 8th over - 0 run(s), 1 hit(s), 0 error(s), 1 left on base; Portland 10 - Amarillo 9
BOTTOM OF THE 8TH
Amarillo Archdukes batting - Pitching for Portland Privateers : RHP Blaine Yarbrough
Batting: RHB Norm Francis 0-0: Swinging Strike
0-1: Called Strike
0-2: Foul Ball, location: 2F
0-2: Strikes out looking
Pitching: LHP Mike Campbell
Batting: LHB Edwin Ryan 0-0: Called Strike
0-1: Swinging Strike
0-2: Ball
1-2: Ball
2-2: Strikes out swinging
Pitching: RHP Ricardo Ontiveros
Batting: RHB Roberto García 0-0: Foul Ball, location: 2F
0-1: Ball
1-1: Ball
2-1: Ball
3-1: Foul Ball, location: 2F
3-2: Fly out, F7 (Flyball, 7S)
Bottom of the 8th over - 0 run(s), 0 hit(s), 0 error(s), 0 left on base; Portland 10 - Amarillo 9
TOP OF THE 9TH
Portland Privateers batting - Pitching for Amarillo Archdukes : LHP Rob Lucas
Batting: RHB Dave Nelson 0-0: Called Strike
0-1: Ball
1-1: Called Strike
1-2: Foul Ball, location: 2F
1-2: Ball
2-2: Strikes out swinging
Batting: LHB Yasuhiko Onodera 0-0: Ball
1-0: Foul Ball, location: 2F
1-1: Fly out, F7 (Flyball, 78M)
Batting: RHB Joe Bailey 0-0: Called Strike
0-1: Called Strike
0-2: Strikes out looking
Top of the 9th over - 0 run(s), 0 hit(s), 0 error(s), 0 left on base; Portland 10 - Amarillo 9
BOTTOM OF THE 9TH
Amarillo Archdukes batting - Pitching for Portland Privateers : RHP Ricardo Ontiveros
Pitching: LHP Alfredo González
Pinch Hitting: RHB Paul Ladd 0-0: Ball
1-0: Fly out, F9 (Flyball, 9S)
Pinch Hitting: RHB José Tamayo 0-0: Swinging Strike
0-1: Swinging Strike
0-2: Foul Ball, location: 2F
0-2: Ball
1-2: Foul Ball, location: 2F
1-2: Ball
2-2: Strikes out swinging
Batting: RHB José Ruíz 0-0: Ball
1-0: Fly out, F9 (Flyball, 9S)
Bottom of the 9th over - 0 run(s), 0 hit(s), 0 error(s), 0 left on base; Portland 10 - Amarillo 9
Thursday, March 30th, 2017 - OOTP Baseball 17.12 Build 75